 Dungeon Crawl Stone Soup version 0.31.0-11-ge490571c62 (webtiles) character file.

Game seed: 18012631136305276790

8306 ezpacito the Cleaver (level 11, -3/82 HPs)
             Began as a Demonspawn Berserker on Jan 30, 2024.
             Was a High Priest of Trog.
             Slain by a six-headed hydra (8 damage)
             ... on level 11 of the Dungeon.
             The game lasted 00:23:58 (9062 turns).

ezpacito the Cleaver (Demonspawn Berserker)         Turns: 9062, Time: 00:23:59

Health: -3/82      AC: 22    Str: 21    XL:     11   Next: 8%
Magic:  0/11       EV: 18    Int:  7    God:    Trog [*****.]
Gold:   600        SH:  5    Dex: 14    Spells: 10/10 levels left

rFire   . . .        q - +3 battleaxe (vamp)
rCold   . . .        (shield currently unavailable)
rNeg    . . .        P - +1 acid dragon scales
rPois   .            t - +0 helmet
rElec   .            I - +1 cloak "Inneitodgh" {Will+}
rCorr   +            (no gloves)
SInv    .            u - +3 pair of seven-league boots {Rampage+∞}
Will    +++..        s - amulet of reflection
Stlth   ++           m - +4 ring of protection
HPRegen 1.33/turn    n - +5 ring of evasion
MPRegen 0.24/turn

%: reflection, guardian spirit, rampage+∞
@: strong-willed, regenerating
A: magic shield, magic regeneration, sharp scales 2, weakness stinger 2
a: Renounce Religion, Berserk, Trog's Hand, Brothers in Arms


You were on level 11 of the Dungeon.
You worshipped Trog.
Trog was extremely pleased with you.
You visited 2 branches of the dungeon, and saw 12 of its levels.

You collected 600 gold pieces.

Inventory:

Hand Weapons
 k - a +4 flail of draining
 q - a +3 vampiric battleaxe (weapon)
 L - a +2 short sword of draining
 N - a +0 shortbow
Missiles
 b - 5 javelins
 d - 17 boomerangs (quivered)
 e - 155 stones
 i - a throwing net
 r - 45 poisoned darts
 y - a curare-tipped dart
 Q - 4 silver javelins
Armour
 t - a +0 helmet (worn)
 u - the +3 pair of seven-league boots (worn) {Rampage+∞}
   (You acquired it on level 6 of the Dungeon)

   Rampage+∞: When moving toward enemies, its wearer moves as far as possible,
   alerting their target en route.
 w - a +0 plate armour
 I - the +1 cloak "Inneitodgh" (worn) {Will+}
   (You found it on level 7 of the Dungeon)

   Will+:     It increases your willpower.
 P - +1 acid dragon scales (worn)
Jewellery
 m - a +4 ring of protection (left hand)
 n - a +5 ring of evasion (right hand)
 s - an amulet of reflection (around neck)
 v - an amulet of regeneration
Talismans
 j - a beast talisman
 J - a maw talisman
Wands
 x - a wand of digging (6)
 D - a wand of polymorph (10)
 K - a wand of mindburst (16)
 O - a wand of flame (3)
Scrolls
 c - a scroll of revelation
 f - a scroll of immolation
 g - 2 scrolls of silence
 p - a scroll of blinking
 B - 2 scrolls of teleportation
 H - a scroll of fog
 M - a scroll of torment
Potions
 a - 2 potions of enlightenment
 h - a potion of resistance {unknown}
 l - 2 potions of berserk rage
 o - a potion of haste {unknown}
 z - 2 potions of lignification
 C - a potion of ambrosia {unknown}
 E - a potion of magic
 F - 3 potions of curing
 G - 2 potions of invisibility {unknown}


   Skills:
 * Level 6.3 Fighting
 * Level 10.4 Axes
 * Level 4.2 Ranged Weapons
 * Level 5.2 Armour
 * Level 5.2 Dodging
 * Level 4.8 Stealth
 * Level 4.4 Unarmed Combat
 * Level 3.2 Evocations


You had 10 spell levels left.
You didn't know any spells.
Your spell library contained the following spells:

 Spells                   Type           Power      Damage    Failure   Level
 Apportation              Tloc           0%         N/A       50%         1
 Kiss of Death            Conj/Necr      0%         2d5       50%         1
 Necrotise                Necr           0%         1d4       50%         1
 Sting                    Conj/Alch      0%         1d3       50%         1
 Summon Small Mammal      Summ           0%         N/A       50%         1
 Confusing Touch          Hex            0%         N/A       86%         3
 Vampiric Draining        Necr           0%         2d6       86%         3
 Dispel Undead            Necr           0%         3d6       99%         4
 Martyr's Knell           Necr/Summ      0%         N/A       99%         4
 Passage of Golubria      Tloc           0%         N/A       99%         4
 Curse of Agony           Necr           0%         N/A       100%        5
 Silence                  Hex/Air        0%         N/A       100%        5
 Lehudib's Crystal Spear  Conj/Erth      0%         10d2      100%        8


Dungeon Overview and Level Annotations

Branches:
Dungeon (11/15)            Temple (1/1) D:5             Orc (0/2) D:10
   Lair: D:8-11

Altars:
Ashenzari
Cheibriados
Dithmenos
Fedhas
Gozag
Hepliaklqana
Kikubaaqudgha
Makhleb
Nemelex Xobeh
Okawaru
Qazlal
Ru
Sif Muna
Trog
Uskayaw
Vehumet
Wu Jian
Xom
Yredelemnul

Shops:
D:3 :


Innate Abilities, Weirdness & Mutations

When hurt, damage is shared between your health and your magic reserves.
You regenerate magic rapidly.
You are mostly covered in razor-sharp scales. (AC +2, Slay +2)
You have a tail ending in a sharp stinger.


Message History

The six-headed hydra bites you!
The six-headed hydra bites you but does no damage.
You block the six-headed hydra's attack.
Cleave: q) +3 battleaxe (vamp)
Press: ? - help, Dir - move target, f/p - six-headed hydra
Aim: a six-headed hydra (almost dead, about 18% to evade your +3 vampiric battleaxe)
Okay, then.
Aiming: Throw Flame
Press: ? - help, Shift-Dir - straight line, f/p - six-headed hydra
Aim: a six-headed hydra (almost dead, 90% to hit)
The puff of flame hits the six-headed hydra.
The six-headed hydra is almost dead.
The six-headed hydra bites you. The six-headed hydra barely misses you.
The six-headed hydra bites you but does no damage.
You block the six-headed hydra's attack.
The six-headed hydra bites you but does no damage.
The six-headed hydra completely misses you.
Aiming: Throw Flame
Press: ? - help, Shift-Dir - straight line, f/p - six-headed hydra
Aim: a six-headed hydra (almost dead, 90% to hit)
The puff of flame hits the six-headed hydra.
The six-headed hydra is almost dead.
Something hits you but does no damage.
Deactivating autopickup; reactivate with Ctrl-A.
You block the six-headed hydra's attack.
The six-headed hydra completely misses you.
The six-headed hydra bites you but does no damage.
The six-headed hydra bites you. The six-headed hydra bites you!
* * * LOW HITPOINT WARNING * * *
The six-headed hydra barely misses you.
Your skin crawls.
You feel strong-willed. Something hits you!
* * * LOW HITPOINT WARNING * * *
The six-headed hydra closely misses you.
The six-headed hydra bites you!
* * * LOW HITPOINT WARNING * * *
The six-headed hydra completely misses you.
The six-headed hydra bites you!
You die...

... ... ... #.#
#.# ### #.#
#####.####.#
#D.......#.# #
#@.....#...#.#
#.{....###...#
#..{...# #....#
#.................
#........#..(.....
#......#.#....#.##
#.............#.#
##..###.......# #
. ......


You could see a six-headed hydra.

Vanquished Creatures
  A two-headed ogre (D:9)
  Maurice (D:10)
  Joseph (D:10)
  A hornet (D:6)
  13 yaks
  2 steam dragons
  3 humans
  Edmund (D:5)
  2 acid dragons
  2 water moccasins
  3 orc warriors
  3 ice beasts
  2 sky beasts (D:7)
  An ogre (D:6)
  3 centaurs
  2 phantoms
  4 kobold brigands
  2 gnoll sergeants
  4 scorpions
  4 bullfrogs
  9 wights
  4 killer bees (D:8)
  An electric eel (D:7)
  5 howler monkeys
  3 bombardier beetles
  4 hounds
  7 orc priests
  A sleepcap (D:6)
  2 iguanas (D:5)
  6 orc wizards
  11 gnolls
  6 adders
  4 white imps
  2 dart slugs
  3 ribbon worms (D:2)
  29 orcs
  6 endoplasms
  4 giant cockroaches
  8 goblins
  6 hobgoblins
  7 jackals
  24 kobolds
  6 quokkas
  6 ball pythons
  5 bats
  4 frilled lizards
  A goblin skeleton (D:10)
  A jackal zombie (D:10)
  A kobold skeleton (D:10)
  2 rats
233 creatures vanquished.

Notes
Turn   | Place    | Note
-------+----------+-------------------------------------------
     0 | D:1      | ezpacito the Demonspawn Berserker began the quest for the
                  | Orb.
     0 | D:1      | Reached XP level 1. HP: 18/18 MP: 1/1
    56 | D:1      | Gained mutation: You are partially covered in razor-sharp
                  | scales. (AC +1, Slay +1) [demonic ancestry]
    56 | D:1      | Reached XP level 2. HP: 19/24 MP: 2/2
   310 | D:1      | Reached skill level 3 in Axes
   890 | D:2      | Reached ** piety under Trog
   927 | D:2      | Gained mutation: You regenerate magic rapidly. [demonic
                  | ancestry]
   927 | D:2      | Reached XP level 3. HP: 29/29 MP: 3/3
  1388 | D:2      | You fall into a shaft and drop 2 floors!
  1444 | D:3      | Reached XP level 4. HP: 35/35 MP: 4/4
  1754 | D:2      | Reached skill level 1 in Unarmed Combat
  2104 | D:3      | Found a faded altar of an unknown god.
  2157 | D:3      | Found a burning altar of Makhleb.
  2332 | D:3      | Reached skill level 1 in Stealth
  2332 | D:3      | Found Usesoedo's Book Boutique.
  2641 | D:3      | Identified a scroll of acquirement
  2791 | D:4      | Reached skill level 4 in Axes
  2791 | D:4      | Gained mutation: When hurt, damage is shared between your
                  | health and your magic reserves. [demonic ancestry]
  2791 | D:4      | Reached XP level 5. HP: 17/41 MP: 5/5
  3182 | D:4      | Reached XP level 6. HP: 44/47 MP: 6/6
  3256 | D:4      | Reached skill level 1 in Ranged Weapons
  3312 | D:4      | Reached *** piety under Trog
  3387 | D:5      | Entered Level 5 of the Dungeon
  3409 | D:5      | Found a staircase to the Ecumenical Temple.
  3777 | D:5      | Reached skill level 5 in Axes
  3777 | D:5      | Gained mutation: You are mostly covered in razor-sharp
                  | scales. (AC +2, Slay +2) [demonic ancestry]
  3777 | D:5      | Reached XP level 7. HP: 53/53 MP: 7/7
  3802 | D:5      | Noticed Edmund
  3814 | D:5      | Killed Edmund
  4229 | Temple   | Entered the Ecumenical Temple
  4245 | D:6      | Noticed a hornet
  4263 | D:6      | Killed a hornet
  4264 | D:6      | Reached skill level 6 in Axes
  4264 | D:6      | Reached XP level 8. HP: 31/61 MP: 6/8
  5408 | D:6      | Reached skill level 7 in Axes
  5644 | D:6      | Acquired the +3 pair of seven-league boots {Rampage+∞}
  5644 | D:6      | Found the +3 pair of seven-league boots {Rampage+∞}
  5707 | D:7      | Gained mutation: You have a small tail. [demonic ancestry]
  5707 | D:7      | Reached XP level 9. HP: 64/67 MP: 9/9
  5916 | D:7      | Reached skill level 5 in Fighting
  5969 | D:7      | Reached **** piety under Trog
  6035 | D:7      | Reached skill level 1 in Evocations
  6111 | D:7      | Found an ancient bone altar of Kikubaaqudgha.
  6115 | D:7      | Found a radiant altar of Vehumet.
  6116 | D:7      | Found a sacrificial altar of Ru.
  6116 | D:7      | Found a broken altar of Ashenzari.
  6118 | D:7      | Found an opulent altar of Gozag.
  6119 | D:7      | Found a shimmering altar of Xom.
  6218 | D:7      | Reached skill level 8 in Axes
  6350 | D:7      | Identified the +1 cloak "Inneitodgh" {Will+}
  7263 | D:8      | Found an iron altar of Okawaru.
  7269 | D:8      | Found an ornate altar of the Wu Jian Council.
  7609 | D:8      | Found a hide-covered altar of Uskayaw.
  7676 | D:9      | Gained mutation: You have a tail ending in a sharp stinger.
                  | [demonic ancestry]
  7676 | D:9      | Reached XP level 10. HP: 75/75 MP: 10/10
  7677 | D:9      | Reached ***** piety under Trog
  7715 | D:8      | Reached skill level 9 in Axes
  7882 | D:9      | Found a shadowy altar of Dithmenos.
  8069 | D:9      | Reached skill level 5 in Armour
  8070 | D:9      | Reached skill level 5 in Dodging
  8248 | D:9      | Noticed a two-headed ogre
  8255 | D:9      | Killed a two-headed ogre
  8369 | D:10     | Entered Level 10 of the Dungeon
  8382 | D:10     | Noticed Joseph
  8391 | D:10     | Killed Joseph
  8392 | D:10     | Reached skill level 10 in Axes
  8477 | D:10     | Found a staircase to the Orcish Mines.
  8520 | D:10     | Found a blossoming altar of Fedhas.
  8571 | D:10     | Found a runed translucent door.
  8574 | D:10     | Found a basalt altar of Yredelemnul.
  8611 | D:10     | Noticed Maurice
  8613 | D:10     | Maurice stole 17 boomerangs
  8614 | D:10     | Maurice stole a +4 flail of draining
  8620 | D:10     | Killed Maurice
  8712 | D:10     | Reached XP level 11. HP: 81/81 MP: 9/11
  9026 | D:11     | Noticed a six-headed hydra
  9062 | D:11     | Slain by a six-headed hydra

Illustrated notes

Levels and vault maps discovered:
D:1:      mainiacjoe_arrival_oval_in_oval, layout_basic
D:2:      layout_basic, grunt_ministairs_11
D:3:      layout_rooms, bloody_makhleb, serial_shops, shop,
          shapermc_ecumenical_altar_gd, st_stairs_8,
          minmay_misc_feat_more_columns
D:4:      layout_basic
D:5:      layout_loops_cross, minmay_temple_entry_large_hall, uniq_edmund
D:6:      layout_basic, nicolae_the_louvre
D:7:      layout_gridville, grunt_temple_overflow_open, serial_bayou_pond_d,
          minmay_crystal_water, nicolae_fountain_basement
D:8:      layout_gridville, okawaru_humans, mainiacjoe_overflow_catwalk,
          kennysheep_mini
D:9:      layout_roguey, mainiacjoe_overflow_24_doors
D:10:     layout_roguey, good_gods_temple_1, dk_yredelemnul_ordeal,
          fedhas_altar_2, david_orc_3, minmay_sticks_and_stones, uniq_maurice
D:11:     layout_rooms, david_lair_shrubbed, minmay_microvault
Temple:   nicolae_temple_stand_before_the_council

Skill      XL: |  1  2  3  4  5  6  7  8  9 10 |
---------------+-------------------------------+-----
Armour         | 2 3 4 5 |  5.2
Axes           | 3 4 5 6 7 8 10 | 10.4
Dodging        | 2 3 4 5 |  5.2
Unarmed Combat | 1 2 3 4 |  4.4
Stealth        | 1 2 3 4 |  4.8
Ranged Weapons | 1 2 3 4 |  4.2
Fighting       | 4 5 6 |  6.3
Evocations     | 2 3 |  3.2

Action                     |  1- 3 |  4- 6 |  7- 9 | 10-12 || total
---------------------------+-------+-------+-------+-------++-------
  Melee: Hand axe          |   106 |   230 |    55 |       ||   391
         Punch             |       |     3 |     9 |       ||    12
         War axe           |       |       |   255 |    21 ||   276
         Tailslap          |       |       |    27 |    12 ||    39
         Battleaxe         |       |       |       |    76 ||    76
 Invoke: Berserk           |     1 |     2 |     7 |     7 ||    17
         Trog's Hand       |       |       |       |     1 ||     1
  Evoke: Wand              |       |       |       |    11 ||    11
    Use: Scroll            |     3 |     6 |     8 |     6 ||    23
         Potion            |       |     6 |     1 |       ||     7
   Stab: Sleeping          |     2 |       |     1 |       ||     3
         Distracted        |       |       |       |     1 ||     1
 Armour: Animal skin       |    51 |       |       |       ||    51
         Ring mail         |     4 |   104 |    39 |       ||   147
         Skin              |       |    98 |       |       ||    98
         Scale mail        |       |       |   104 |       ||   104
         Plate armour      |       |       |    58 |    69 ||   127
         Chain mail        |       |       |     3 |       ||     3
         Acid dragon scale |       |       |       |    41 ||    41
  Dodge: Dodged            |    74 |   189 |   244 |   101 ||   608
  Block: Other             |       |    58 |    79 |    29 ||   166
         Reflection        |       |     2 |     4 |     1 ||     7
